 Dungeon Crawl Stone Soup version 0.29.0-15-g675c0067aa (webtiles) character file.

Game seed: 9493633227872227355

599 NotreDorf the Ducker (level 7, 0/53 (56) HPs)
             Began as a Merfolk Gladiator on Sept 11, 2022.
             Slain by a wight
             ... wielding a +0 falchion
              (7 damage)
             ... on level 5 of the Dungeon.
             The game lasted 00:10:17 (4053 turns).

NotreDorf the Ducker (Merfolk Gladiator)            Turns: 4053, Time: 00:10:18

HP:   0/53 (56)     AC:  5    Str: 14    XL:     7   Next: 41%
MP:   7/7           EV: 15    Int:  8    God:
Gold: 119           SH:  0    Dex: 17    Spells: 6/6 levels left

rFire   . . .      SeeInvis .   g - +1 spear (vorpal)
rCold   . . .      Faith    .   (no shield)
rNeg    . . .      Spirit   .   b - +0 leather armour
rPois   .          Reflect  .   c - +0 helmet
rElec   .          Harm     .   (no cloak)
rCorr   .          Rampage  .   (no gloves)
Will    .....                   f - +0 pair of boots
Stlth   +.........              (no amulet)
HPRegen 0.17/turn               (no ring)
MPRegen 0.10/turn               (no ring)

@: drained
A: (nimble swimmer 2), mertail
a: no special abilities


You were on level 5 of the Dungeon.
You visited 1 branch of the dungeon, and saw 5 of its levels.

You collected 119 gold pieces.

Inventory:

Hand Weapons
 g - a +1 vorpal spear (weapon)
Missiles
 d - a throwing net (quivered)
Armour
 b - a +0 leather armour (worn)
 c - a +0 helmet (worn)
 f - a +0 pair of boots (worn)
 t - a +0 robe of positive energy
Jewellery
 q - a ring of fire
Wands
 u - a wand of charming (12)
Scrolls
 a - a scroll of enchant armour {unknown}
 h - a scroll of immolation {unknown}
 i - 2 scrolls of fear {unknown}
 l - 2 scrolls of teleportation
 p - a scroll of enchant weapon {unknown}
 r - 2 scrolls of blinking {unknown}
Potions
 e - 2 potions of mutation {unknown}
 j - 3 potions of attraction
 k - a potion of might {unknown}
 m - a potion of heal wounds {unknown}
 n - 3 potions of curing {unknown}
 o - 2 potions of invisibility
 s - a potion of berserk rage {unknown}
 v - a potion of degeneration {unknown}


   Skills:
 + Level 5.3 Fighting
 + Level 7.1 Polearms
 - Level 2.0 Throwing
 + Level 7.1 Dodging


You had 6 spell levels left.
You didn't know any spells.
Your spell library contained the following spells:

 Spells                   Type           Power      Damage    Failure   Level
 Sublimation of Blood     Necr           0%         N/A       63%         2
 Wereblood                Tmut           0%         N/A       63%         2
 Summon Hydra             Summ           0%         N/A       100%        7


Dungeon Overview and Level Annotations

Branches:
Dungeon (5/15)
 Temple: D:4-7

Altars:
Dithmenos
Kikubaaqudgha
The Shining One


Innate Abilities, Weirdness & Mutations

((You are very nimble when in or above water. (Stealth+, EV+, Speed+++)))
Your lower body shifts to a powerful aquatic tail in water.


Message History

There is a stone staircase leading up here.
You open the door.
A wight comes into view.
It is wielding a +4 scimitar of freezing.
There is an open door here.
A wight comes into view. It is wielding a +0 falchion.
You reach to attack!
You hit the wight but do no damage.
You reach to attack!
You hit the wight.
The wight is moderately damaged.
You hit the wight but do no damage.
The wight is moderately damaged.
The wight misses you.
You hit the wight.
The wight is heavily damaged.
The wight hits you with a +4 scimitar of freezing!
You feel drained. The wight freezes you.
You hit the wight but do no damage.
The wight is heavily damaged.
You hit the wight.
The wight is almost destroyed.
The wight hits you with a +4 scimitar of freezing!
You feel drained. The wight freezes you.
You are too injured to fight recklessly!
You are too injured to fight recklessly!
You hit the wight.
You destroy the wight!
Your Polearms skill increases to level 7!
You completely miss the wight. The wight hits you with a +0 falchion.
* * * LOW HITPOINT WARNING * * *
You barely miss the wight. You closely miss the wight. The wight misses you.
You hit the wight but do no damage. The wight closely misses you.
You barely miss the wight. The wight hits you with a +0 falchion.
* * * LOW HITPOINT WARNING * * *
You feel drained.
* * * LOW HITPOINT WARNING * * *
Aiming: Charm
Press: ? - help, Shift-Dir - straight line, f - wight
Aim: a wight, wielding a +0 falchion and wearing a +0 robe (chance to affect: 49%)
The wight resists with some effort.
The wight hits you with a +0 falchion!
You die...

##########
#........#
#.#......#
#.#.######
#.#<#... ####
#.###.# .....
#.....#####
......###.......#
......z@'........
....^####........
### ###+####.


You could see a wight.

Vanquished Creatures
  A black bear (D:4)
  An ogre (D:4)
  A kobold brigand (D:4)
  A wight (D:5)
  A howler monkey (D:4)
  A jelly (D:4)
  Jessica (D:3)
  2 iguanas (D:4)
  Terence (D:3)
  4 adders
  8 dart slugs
  3 orcs
  7 endoplasms
  A giant cockroach (D:3)
  10 goblins
  15 hobgoblins
  5 jackals
  8 kobolds
  2 quokkas
  6 ball pythons
  6 bats
  5 frilled lizards
  9 rats
99 creatures vanquished.

Notes
Turn   | Place    | Note
-------+----------+-------------------------------------------
     0 | D:1      | NotreDorf the Merfolk Gladiator began the quest for the
                  | Orb.
     0 | D:1      | Reached XP level 1. HP: 16/16 MP: 1/1
   129 | D:1      | Reached XP level 2. HP: 23/23 MP: 2/2
   134 | D:1      | Found a faded altar of an unknown god.
   272 | D:1      | Reached XP level 3. HP: 27/28 MP: 3/3
  1032 | D:2      | Reached XP level 4. HP: 35/35 MP: 4/4
  1070 | D:2      | Identified the +5 whip "Qopn" {vorpal, rElec}
  1168 | D:2      | Reached skill level 5 in Dodging
  1224 | D:2      | Reached skill level 5 in Polearms
  1581 | D:3      | Noticed Terence
  1719 | D:3      | Noticed Jessica
  1806 | D:3      | Killed Terence
  2090 | D:3      | Reached XP level 5. HP: 41/41 MP: 5/5
  2111 | D:3      | Killed Jessica
  2984 | D:4      | Noticed an ogre
  2994 | D:4      | Killed an ogre
  2995 | D:4      | Reached XP level 6. HP: 48/48 MP: 6/6
  3240 | D:4      | Noticed a black bear
  3253 | D:4      | Killed a black bear
  3477 | D:4      | Found an ancient bone altar of Kikubaaqudgha.
  3480 | D:4      | Found a glowing golden altar of the Shining One.
  3484 | D:4      | Found a shadowy altar of Dithmenos.
  3556 | D:4      | Identified the +0 ring mail "Cuty" {Fly Str-3 Int+3}
  3559 | D:4      | Reached XP level 7. HP: 55/55 MP: 7/7
  3680 | D:4      | Reached skill level 5 in Fighting
  4026 | D:5      | Entered Level 5 of the Dungeon
  4053 | D:5      | Slain by a wight

Illustrated notes

Levels and vault maps discovered:
D:1:      wander_arrival_chamber, layout_loops_cross,
          hellmonk_ecumenical_altar_arch_garden
D:2:      layout_basic, kennysheep_generic_room_8
D:3:      minmay_angry_zag, layout_loops_cross, uniq_terence, uniq_jessica
D:4:      layout_basic, grunt_temple_overflow_diamond
D:5:      layout_basic, mainiacjoe_overflow_concentric_impassable,
          nicolae_gozag_cash_rules_everything_around_me,
          grunt_temple_overflow_open, serial_shops, shop, shop,
          nicolae_shop_gadgets

Skill      XL: |  1  2  3  4  5  6  7 |
---------------+----------------------+-----
Fighting       | 3 4 5 |  5.3
Dodging        | 5 6 7 |  7.1
Polearms       | 5 6 7 |  7.1
Throwing       | |  2.0

Action                   |  1- 3 |  4- 6 |  7- 9 || total
-------------------------+-------+-------+-------++-------
Melee: Trident           |     8 |       |       ||     8
       Spear             |   116 |   202 |    74 ||   392
       Punch             |     1 |     1 |     1 ||     3
Throw: Throwing net      |       |     3 |       ||     3
Evoke: Wand              |       |       |     1 ||     1
  Use: Scroll            |       |     4 |       ||     4
 Stab: Sleeping          |     1 |     4 |     1 ||     6
       Held in net/web   |       |     1 |       ||     1
Armor: Leather armour    |    12 |    19 |     6 ||    37
Dodge: Dodged            |    71 |    66 |    27 ||   164
